 Dungeon Crawl Stone Soup version 0.18-a0-1109-gfc003ac (webtiles) character file.

55899 4thArraOfDagon the Executioner (level 14, -7/195 HPs)
             Began as a Hill Orc Berserker on Jan 16, 2016.
             Was a High Priest of Trog.
             Mangled by a very large slime creature (44 damage)
             ... on level 2 of the Pits of Slime.
             The game lasted 00:48:42 (7571 turns).

4thArraOfDagon the Executioner (Hill Orc Berserker) Turns: 7571, Time: 00:48:42

Health: -7/195     AC: 24    Str: 36    XL:     14   Next: 79%
Magic:  13/17      EV: 11    Int: 14    God:    Trog [*****.]
Gold:   649        SH:  5    Dex: 11    Spells: 0 memorised, 13 levels left

rFire  . . .     SeeInvis .     b - +8 executioner's axe (elec)
rCold  + + .     Gourm    .     f - +4 ring mail "Bopoel" {Str+6 Int+5 Dex-2}
rNeg   . . .     Faith    .     (shield currently unavailable)
rPois  .         Spirit   .     (helmet restricted)
rElec  +         Dismiss  .     Y - +0 cloak {MR+}
rCorr  +         Reflect  +     N - +1 pair of gloves {Dex+3}
SustAt .         Harm     .     O - +2 pair of boots {Fly}
MR     ++...                    L - +2 amulet of reflection
Stlth  ..........               F - ring of Lugonu's Wrath {+Blink rElec Str-4 Int+2 Slay+2}
                                M - ring of the Middle {rCorr rC+ Str+4}

@: berserking, very quick, very resistant to hostile enchantments, extremely
unstealthy
A: antennae 1, large bone plates 2, rugged brown scales 1, blurry vision 1, cold
resistance 1, sense surroundings 2, screaming 1, MP-powered wands
a: Berserk, Trog's Hand, Brothers in Arms, Burn Spellbooks, Renounce Religion,
Evoke Blink, Evoke Flight


You were on level 2 of the Pits of Slime.
You worshipped Trog.
Trog was extremely pleased with you.
You were not hungry.

You visited 5 branches of the dungeon, and saw 28 of its levels.
You also visited: Labyrinth and Sewer.

You collected 2377 gold pieces.
You spent 1728 gold pieces at shops.

Inventory:

Hand Weapons
 b - a +8 executioner's axe of electrocution (weapon)
 i - a +0 battleaxe of chopping
 n - a +4 antimagic battleaxe
Missiles
 t - 2 throwing nets (quivered)
 Q - 3 tomahawks of dispersal
Armour
 f - the +4 ring mail "Bopoel" (worn) {Str+6 Int+5 Dex-2}
   (You found it in a labyrinth)

   It affects your strength (+6).
   It affects your intelligence (+5).
   It affects your dexterity (-2).
 h - a fire dragon hide
 q - a +0 plate armour
 N - a +1 pair of gloves of dexterity (worn)
 O - a +2 pair of boots of flying (worn)
 Y - a +0 cloak of magic resistance (worn)
 Z - the +5 ring mail of the Twelve Orbs {rN+}
   (You found it in a labyrinth)

   It protects you from negative energy.
Jewellery
 A - an uncursed ring of positive energy
 F - the ring of Lugonu's Wrath (right hand) {+Blink rElec Str-4 Int+2 Slay+2}
   (You bought it in a shop on level 2 of the Orcish Mines)

   [ring of intelligence]

   It affects your strength (-4).
   It affects your intelligence (+2).
   It affects your accuracy and damage with ranged weapons and melee attacks
   (+2).
   It insulates you from electricity.
   It lets you blink.
 H - an uncursed ring of ice
 K - an uncursed ring of see invisible
 L - a +2 amulet of reflection (around neck)
 M - the ring of the Middle (left hand) {rCorr rC+ Str+4}
   (You bought it in a shop on level 2 of the Orcish Mines)

   [ring of resist corrosion]

   It affects your strength (+4).
   It protects you from cold.
Wands
 C - a wand of draining (12/15)
 D - a wand of fireball (7/15)
 U - a wand of cold (1/15)
 W - a wand of draining (9/15)
Scrolls
 k - 2 scrolls of teleportation
 m - 2 scrolls of recharging
 y - 4 scrolls of remove curse
 B - 2 scrolls of fog
 I - a scroll of blinking
 P - a scroll of fear
 R - 2 scrolls of magic mapping
Potions
 a - 7 potions of lignification
 g - 2 potions of heal wounds
 l - a potion of flight {unknown}
 o - a potion of invisibility {unknown}
 p - a potion of beneficial mutation {unknown}
 r - 6 potions of poison {unknown}
 s - 3 potions of brilliance
 u - 2 potions of might
 z - 2 potions of haste
 E - a potion of ambrosia
 S - a potion of magic
 V - 4 potions of curing
 X - 2 potions of cancellation
Books
 e - a book of Annihilations

   Spells                             Type                      Level
   a - Poison Arrow                   Conjuration/Poison           6
   b - Chain Lightning                Conjuration/Air              8
   c - Lehudib's Crystal Spear        Conjuration/Earth            8
   d - Glaciate                       Conjuration/Ice              9
   e - Fire Storm                     Conjuration/Fire             9
   Trog disapproves of the use of such an item.
 w - a Fen Folio

   Spells                             Type                      Level
   a - Corpse Rot                     Necromancy                   2
   b - Stone Arrow                    Conjuration/Earth            3
   c - Leda's Liquefaction            Hexes/Earth                  4
   d - Summon Forest                  Summoning/Translocation      5
   e - Hydra Form                     Transmutation                6
   f - Summon Hydra                   Summoning                    7
   Trog disapproves of the use of such an item.
 J - a book of Clouds

   Spells                             Type                      Level
   a - Mephitic Cloud                 Conjuration/Poison/Air       3
   b - Conjure Flame                  Conjuration/Fire             3
   c - Poisonous Cloud                Conjuration/Poison/Air       6
   d - Freezing Cloud                 Conjuration/Ice/Air          6
   e - Ring of Flames                 Charms/Fire                  7
   Trog disapproves of the use of such an item.
 T - a book of the Warp

   Spells                             Type                      Level
   a - Recall                         Summoning/Translocation      3
   b - Gell's Gravitas                Hexes/Translocation          3
   c - Force Lance                    Conjuration/Translocation    4
   d - Phase Shift                    Translocation                5
   e - Warp Weapon                    Charms/Translocation         5
   f - Summon Forest                  Summoning/Translocation      5
   Trog disapproves of the use of such an item.
Miscellaneous
 v - a disc of storms
Comestibles
 c - 8 bread rations
 d - 4 meat rations
 j - 28 fruits
 x - 3 beef jerkies
 G - a chunk of flesh


   Skills:
 + Level 12.4 Fighting
 * Level 22.1 Axes
 + Level 14.1 Armour
 - Level 1.5 Dodging
 + Level 4.4 Evocations


You had 13 spell levels left.
You didn't know any spells.

Dungeon Overview and Level Annotations

Branches:
Dungeon (13/15)            Temple (0/1) D:5            Lair (8/8) D:10
  Swamp (0/4) Lair:6        Slime (2/6) Lair:6          Orc (2/2) D:12
    Elf (3/3) Orc:2
  Snake: Lair:3-6    Spider: Lair:3-6    Vaults: D:13-14

Altars:
Trog
Vehumet
Xom
The Shining One

Shops:
D:11 ?   Orc:1 [   Orc:2 (=[}!

Portals:
Trove: D:11 (give 21 scrolls of identify)

Annotations:
D:5 namelastname112's ghost, novice DrWz
D:9 ThermosAquaticus's ghost, novice HEAK
D:10 LAIRS
D:12 Nessos


Innate Abilities, Weirdness & Mutations

You have a pair of small antennae on your head.
You are mostly covered in large bone plates (AC +3, SH +3).
You are partially covered in rugged brown scales (AC +1, +3% HP).
Scrolls take you a little longer to read.
Your flesh is cold resistant.
You passively map the area around you.
You occasionally shout uncontrollably at your foes.
You expend magic power (3 MP) to strengthen your wands.


Message History

Trog accepts your kill.
You slash the slime creature!
There is a sudden explosion of sparks!
The slime creature is almost dead.
You block the slime creature's attack.
The very large slime creature hits you!!
* * * LOW HITPOINT WARNING * * *
The eye of draining gazes at you.
You feel your power leaking away.
Unknown command.
You slice the very large slime creature!!
There is a sudden explosion of sparks!
The very large slime creature is almost dead.
You slash the slime creature!
You kill the slime creature!
Trog accepts your kill. The shining eye gazes at you.
Strange energies course through your body.
Your vision blurs.
The very large slime creature hits you!!!
You die...

,, , , , ,
,....... #.....
G......#...J.#. *
, ,
..J..>..J..J... *
,, ...............
, . >............
, ,,.<.
.....J..... *
,.....#.....###, ,
, , #..@.....#* *
, ,
......J.......# ,
,,,.............##
, ,............##
.G.........## ,
.....##....# ,
....#*.##.## ,
#...* . *## **, ,
* *


You could see a very large slime creature, 4 slime creatures, a shining eye, a
death ooze and an eye of draining.

Vanquished Creatures
  Maud (Orc:2)
  A deep elf demonologist (Elf:1)
  A minotaur (Lab)
  A fire dragon (Lair:8)
  5 hydras
  Fannar (D:12)
  A catoblepas (Lair:6)
  2 dancing weapons (Elf:1)
  A death yak (Lair:8)
  An orc high priest (Orc:2)
  3 deep elf knights (Elf:1)
  A swamp dragon (Lair:6)
  7 deep elf archers
  2 lindwurms (Lair:8)
  8 deep elf magi
  An orc knight (Orc:2)
  7 orc sorcerers
  A griffon (Lair:8)
  10 elephants
  3 black mambas
  5 torpor snails (Lair:8)
  3 spiny frogs (Lair:8)
  2 komodo dragons
  3 giant leeches (Lair:8)
  A minotaur zombie (Lab)
  A troll (D:7)
  13 slime creatures
  A boulder beetle (Lair:8)
  54 yaks
  2 shadows (D:12)
  2 water elementals (Elf:1)
  An air elemental (Elf:3)
  2 wyverns
  A wraith (D:10)
  A basilisk (Lair:7)
  A steam dragon (Lair:8)
  A fire elemental (Elf:1)
  3 hippogriffs
  5 wolves (Lair:7)
  A mottled dragon (Lair:8)
  3 porcupines
  6 water moccasins
  3 ice beasts
  22 orc warriors
  A swamp drake (Lair:8)
  4 wasps
  7 necrophages (Lair:6)
  2 phantoms
  6 ogres
  11 crocodiles
  8 giant frogs
  A wyvern skeleton (D:10)
  8 killer bees
  A crimson imp (D:11)
  4 giant frog zombies
  4 hounds
  26 orc wizards
  19 orc priests
  A centaur skeleton (D:9)
  2 jellies
  A worker ant (D:6)
  3 iguanas
  20 sheep
  A hound skeleton (D:9)
  6 gnolls
  32 river rats
  3 adders
  A shadow imp (D:5)
  An ooze (D:4)
  20 worms (Lair:8)
  3 giant geckos
  54 orcs
  9 bats
  4 giant cockroaches
  A goblin (D:3)
  4 hobgoblins
  2 jackals (D:5)
  2 quokkas (D:5)
  A ball python (D:2)
  3 giant newts
  8 kobolds
  A quokka skeleton (D:10)
  A quokka zombie (D:5)
  11 rats
  2 fungi
  9 plants
503 creatures vanquished.

Vanquished Creatures (others)
  A water elemental (Elf:1)
  A fire elemental (Elf:1)
  A mottled dragon (Lair:8)
  A bush (Lair:8)
  2 fungi
  3 plants
9 creatures vanquished.

Grand Total: 512 creatures vanquished

Notes
Turn   | Place    | Note
--------------------------------------------------------------
     0 | D:1      | 4thArraOfDagon the Hill Orc Berserker began the quest for the Orb.
     0 | D:1      | Reached XP level 1. HP: 19/19 MP: 1/1
   114 | D:1      | Reached XP level 2. HP: 10/27 MP: 2/2
   334 | D:3      | Reached ** piety under Trog
   407 | D:3      | Reached XP level 3. HP: 23/33 MP: 3/3
   560 | D:4      | Reached skill level 5 in Axes
   574 | D:5      | Entered Level 5 of the Dungeon
   584 | D:5      | Reached XP level 4. HP: 40/40 MP: 4/4
   713 | D:5      | Reached XP level 5. HP: 47/47 MP: 5/5
   714 | D:5      | Noticed an ice beast
   722 | D:5      | Killed an ice beast
   722 | D:5      | Reached skill level 5 in Fighting
   722 | D:5      | Reached skill level 6 in Axes
   775 | D:6      | Reached XP level 6. HP: 42/56 MP: 6/6
   859 | D:6      | Reached skill level 7 in Axes
   906 | D:6      | Reached *** piety under Trog
   913 | D:6      | Found a glowing drain.
   917 | Sewer    | Entered a sewer
   947 | D:6      | Noticed a phantom
   978 | D:6      | Killed a phantom
   978 | D:6      | Reached XP level 7. HP: 17/62 MP: 7/7
   996 | D:5      | Found a staircase to the Ecumenical Temple.
  1041 | D:6      | Reached skill level 8 in Axes
  1071 | D:5      | Noticed namelastname112's ghost (novice DrWz)
  1096 | D:7      | Noticed a troll
  1104 | D:7      | Killed a troll
  1124 | D:7      | Found a glowing golden altar of the Shining One.
  1191 | D:7      | Reached skill level 5 in Armour
  1203 | D:7      | Reached skill level 9 in Axes
  1211 | D:7      | Reached XP level 8. HP: 71/71 MP: 8/8
  1377 | D:7      | Reached skill level 10 in Axes
  1486 | D:8      | jacquesderrida: dang
  1494 | D:8      | jacquesderrida: sunned
  1557 | D:9      | Noticed ThermosAquaticus's ghost (novice HEAK)
  1557 | D:9      | 4thArraOfDagon: lag as fucg
  1678 | D:8      | Found a bloodstained altar of Trog.
  1682 | D:8      | Found a shimmering altar of Xom.
  1718 | D:8      | Reached XP level 9. HP: 79/79 MP: 9/9
  1775 | D:9      | Reached skill level 11 in Axes
  1947 | D:10     | Entered Level 10 of the Dungeon
  2021 | D:10     | Reached **** piety under Trog
  2102 | D:10     | Reached skill level 12 in Axes
  2293 | D:10     | Reached XP level 10. HP: 90/90 MP: 10/10
  2299 | D:10     | Reached skill level 13 in Axes
  2436 | D:11     | Found Zeleypaiwn's Magic Scroll Emporium.
  2444 | D:11     | Bought a scroll of enchant weapon for 105 gold pieces
  2444 | D:11     | Bought a scroll of teleportation for 42 gold pieces
  2444 | D:11     | Bought a scroll of blinking for 105 gold pieces
  2444 | D:11     | Bought a scroll of identify for 28 gold pieces
  2444 | D:11     | Bought a scroll of remove curse for 42 gold pieces
  2482 | D:11     | Found a portal to a secret trove of treasure.
  2501 | D:11     | Bought a scroll of teleportation for 42 gold pieces
  2501 | D:11     | Bought a scroll of enchant weapon for 105 gold pieces
  2666 | D:11     | Noticed a green ugly thing
  2830 | D:12     | Found a staircase to the Orcish Mines.
  2836 | Orc:1    | Entered Level 1 of the Orcish Mines
  2871 | Orc:1    | Reached skill level 14 in Axes
  2914 | Orc:1    | i sense of humour
  2918 | Orc:2    | Entered Level 2 of the Orcish Mines
  2919 | Orc:2    | Found a staircase to the Elven Halls.
  2936 | Orc:2    | Noticed an orc sorcerer
  2938 | Orc:2    | Noticed an orc knight
  2941 | Orc:2    | Noticed Maud
  2943 | Orc:2    | Noticed a sun demon
  2948 | Orc:2    | Killed an orc sorcerer
  2958 | Orc:2    | Killed an orc knight
  2958 | Orc:2    | Reached skill level 10 in Fighting
  2968 | Orc:2    | Killed Maud
  2968 | Orc:2    | Reached skill level 15 in Axes
  2968 | Orc:2    | Reached XP level 11. HP: 61/101 MP: 11/11
  3149 | Orc:2    | Noticed an orc sorcerer
  3165 | Orc:2    | Killed an orc sorcerer
  3273 | Orc:2    | Noticed an orc sorcerer
  3303 | Orc:2    | Killed an orc sorcerer
  3305 | Orc:2    | Reached ***** piety under Trog
  3315 | Orc:2    | Received a gift from Trog
  3339 | Orc:2    | Noticed an orc sorcerer
  3355 | Orc:2    | Killed an orc sorcerer
  3409 | Orc:2    | Noticed an orc sorcerer
  3416 | Orc:2    | Received a gift from Trog
  3417 | Orc:2    | :)
  3421 | Orc:2    | Noticed a sun demon
  3423 | Orc:2    | Killed an orc sorcerer
  3423 | Orc:2    | Reached skill level 16 in Axes
  3493 | Orc:2    | Reached skill level 10 in Armour
  3502 | Orc:2    | Found Pikkaq's Weapon Emporium.
  3502 | Orc:2    | Found Ycol's Jewellery Emporium.
  3510 | Orc:2    | Found Utem Yqi's Gadget Shoppe.
  3518 | Orc:2    | Found Tytyotan's Armour Shoppe.
  3523 | Orc:2    | Bought the ring of the Middle {rCorr rC+ Str+4} for 551 gold pieces
  3532 | Orc:2    | Found Bodghyen's Distillery.
  3667 | Orc:1    | Found Fuatsol's Antique Armour Shop.
  3689 | Orc:1    | Noticed an orc sorcerer
  3694 | Orc:1    | Noticed a sixfirhy
  3701 | Orc:1    | Killed an orc sorcerer
  3719 | Orc:1    | Bought a pair of runed gloves for 117 gold pieces
  3719 | Orc:1    | Bought a pair of runed boots for 117 gold pieces
  3719 | Orc:1    | Bought a glowing hat for 104 gold pieces
  3915 | Orc:2    | Noticed an orc high priest
  3916 | Orc:2    | Noticed an orc sorcerer
  3921 | Orc:2    | Killed an orc sorcerer
  3925 | Orc:2    | Killed an orc high priest
  3995 | Elf:1    | Entered Level 1 of the Elven Halls
  4016 | Elf:1    | Reached skill level 17 in Axes
  4016 | Elf:1    | Reached XP level 12. HP: 88/110 MP: 12/12
  4022 | Elf:1    | Noticed a deep elf knight
  4038 | Elf:1    | Killed a deep elf knight
  4088 | Elf:1    | Found a radiant altar of Vehumet.
  4236 | Elf:3    | Entered Level 3 of the Elven Halls
  4245 | Elf:3    | Reached skill level 18 in Axes
  4251 | Elf:3    | Received a gift from Trog
  4438 | Elf:2    | Noticed a deep elf knight
  4438 | Elf:2    | Noticed a deep elf knight
  4438 | Elf:2    | Noticed a deep elf high priest
  4550 | Elf:1    | Noticed a deep elf knight
  4559 | Elf:1    | Killed a deep elf knight
  4560 | Elf:1    | Noticed a deep elf demonologist
  4567 | Elf:1    | Noticed a balrug
  4577 | Elf:1    | Killed a deep elf demonologist
  4577 | Elf:1    | Reached skill level 19 in Axes
  4595 | Elf:1    | Noticed a deep elf knight
  4616 | Elf:1    | Killed a deep elf knight
  4659 | Elf:1    | Reached XP level 13. HP: 49/116 MP: 4/13
  4818 | Orc:2    | Bought the ring of Lugonu's Wrath {+Blink rElec Str-4 Int+2 Slay+2} for 370 gold pieces
  4860 | D:12     | Noticed Fannar
  4876 | D:12     | Killed Fannar
  4923 | D:12     | Noticed Nessos
  5163 | D:10     | Found a staircase to the Lair.
  5172 | Lair:1   | Entered Level 1 of the Lair of Beasts
  5191 | Lair:1   | Reached skill level 20 in Axes
  5460 | Lair:4   | Received a gift from Trog
  5806 | Lair:6   | Found a staircase to the Swamp.
  5816 | Lair:6   | Received a gift from Trog
  5928 | Lair:6   | Found a labyrinth entrance.
  5952 | Lab      | Entered a labyrinth
  6079 | Lab      | Noticed a minotaur
  6085 | Lab      | Killed a minotaur
  6117 | Lab      | Got a spiked ring mail
  6129 | Lab      | Got a steaming ring mail
  6132 | Lab      | Gained mutation: Your flesh is cold resistant. [potion of mutation]
  6132 | Lab      | Gained mutation: You have a pair of small antennae on your head. [potion of mutation]
  6132 | Lab      | Gained mutation: You passively map a small area around you. [potion of mutation]
  6133 | Lab      | Gained mutation: You expend magic power (3 MP) to strengthen your wands. [potion of mutation]
  6133 | Lab      | Gained mutation: You are partially covered in large bone plates (AC +2, SH +2). [potion of mutation]
  6133 | Lab      | Gained mutation: You are mostly covered in large bone plates (AC +3, SH +3). [potion of mutation]
  6134 | Lab      | Gained mutation: You are partially covered in rugged brown scales (AC +1, +3% HP). [potion of mutation]
  6134 | Lab      | Gained mutation: You occasionally shout uncontrollably at your foes. [potion of mutation]
  6134 | Lab      | Gained mutation: You passively map the area around you. [potion of mutation]
  6135 | Lab      | jacquesderrida: dane
  6136 | Lab      | jacquesderrida: not bed
  6136 | Lab      | 4thArraOfDagon: not bed inded
  6136 | Lab      | Turgon: Did I miss anything?
  6143 | Lab      | jacquesderrida: You missed not bed
  6144 | Lab      | jacquesderrida: not a single bed was missed...
  6218 | Lair:6   | jacquesderrida: B-but what abount ring males, o-onii-chan?..
  6258 | Lair:7   | Reached skill level 21 in Axes
  6354 | Lair:8   | Entered Level 8 of the Lair of Beasts
  6372 | Lair:8   | 4thArraOfDagon: w00t?
  6372 | Lair:8   | 4thArraOfDagon: uhh im too sober for thet
  6399 | Lair:8   | Reached skill level 1 in Evocations
  6439 | Lair:8   | jacquesderrida: white ring males sitting in your backpack, onii-chan...
  6455 | Lair:8   | jacquesderrida: Waiting to be put on
  6470 | Lair:8   | Reached XP level 14. HP: 127/127 MP: 5/15
  6742 | Lair:8   | Found a runed door.
  7117 | Lair:8   | jacquesderrida: deeeeeeeeeeeeng
  7240 | Lair:7   | Received a gift from Trog
  7249 | Lair:7   | jacquesderrida: dang
  7251 | Lair:7   | jacquesderrida: ax
  7325 | Lair:7   | Identified the +4 ring mail "Bopoel" {Str+6 Int+5 Dex-2} (You found it in a labyrinth)
  7335 | Lair:7   | Identified the +5 ring mail of the Twelve Orbs {rN+} (You found it in a labyrinth)
  7367 | Lair:7   | Reached skill level 22 in Axes
  7482 | Lair:6   | 4thArraOfDagon: slime :S
  7513 | Lair:6   | 4thArraOfDagon: time to get that rpois!
  7539 | Lair:6   | Found a staircase to the Slime Pits.
  7542 | Lair:6   | 4thArraOfDagon: hydrophobic gardens too stronk
  7543 | Slime:1  | Entered Level 1 of the Pits of Slime
  7571 | Slime:2  | Gained mutation: Scrolls take you a little longer to read. [a shining eye]
  7571 | Slime:2  | Mangled by a very large slime creature

Vault maps used:
D:1:      shiori_shiawase
D:3:      grunt_pakellas_salt, first_bread, minmay_lizard_king
D:4:      grunt_temple_overflow_forces_of_nature, uniq_natasha
D:5:      minmay_temple_entry_junction, chei_slow_surprise
D:6:      gup_sewer_entry_bowl
D:7:      lemuel_doored_altar, grunt_ogre_cave, minmay_misc_feat_five
D:8:      grunt_temple_overflow_open
D:9:      kennysheep_dice
D:10:     grunt_lair_entry_orc_guard_hut
D:11:     enter_trove_6, serial_shops, shop
D:12:     orc_0_dummy, grunt_dithmenos_shadows, uniq_fannar, uniq_nessos,
          uniq_kirke
D:13:     erik_vaults_1, hangedman_cracks_in_the_wall
Lair:1:   serial_bayou_lagoon_a, grunt_forest_small_clearing_treed, uniq_erica
Lair:3:   gammafunk_lair_bear_cave
Lair:4:   beast_lair_carwin_1, grunt_megastairs_2, serial_bayou_shore_a,
          lemuel_fruit_tree
Lair:5:   spider_nest_entry_funnel_web, grunt_megastairs_4
Lair:6:   minmay_swamp_entry_reptiles, dpeg_slime_entry_corner,
          lab_entry_generic, st_stairs_12, roderic_carrion_pond
Lair:7:   infiniplex_staircase_pool
Lair:8:   wormcave, serial_bayou, serial_bayou_pond_e, serial_bayou_pond_d,
          serial_bayou_crossing, serial_bayou_ford_a, serial_bayou_shore_b,
          guppyfry_lair_drakes, serial_bayou_shore_b
Orc:1:    serial_shops, nicolae_shop_overgrown_old_shop
Orc:2:    st_orc_mages, serial_shops, shop, abandoned_shop, uniq_maud
Elf:1:    eino_elf_arrival_altar, minmay_elf_necromancy,
          minmay_misc_feat_columns, st_stairs_5
Elf:2:    serial_shops, shop, minivault_27
Elf:3:    minmay_elf_hall_dome, roderic_nine_men_s_morris
Lab:      labyrinth_hidden_loot
Sewer:    sewer_co_15_rooms

Action                   |  1- 3 |  4- 6 |  7- 9 | 10-12 | 13-15 || total
-------------------------+-------+-------+-------+-------+-------++-------
Melee: Hand axe          |    76 |       |       |       |       ||    76
       War axe           |    11 |    79 |   184 |   298 |       ||   572
       Battleaxe         |       |       |       |    94 |   451 ||   545
       Executioner's axe |       |       |       |       |    55 ||    55
Invok: Berserk           |     3 |     3 |    11 |    16 |    13 ||    46
       Trog's Hand       |       |     2 |     3 |    17 |    16 ||    38
       Brothers in Arms  |       |       |       |       |     1 ||     1
 Abil: Stop Flying       |       |       |       |     1 |       ||     1
  Use: Potion            |     1 |       |       |     1 |     6 ||     8
       Scroll            |       |       |       |     9 |    18 ||    27
  Eat: Chunk             |     1 |     5 |    11 |    23 |    22 ||    62
       Beef jerky        |       |       |     4 |     2 |       ||     6
       Royal jelly       |       |       |       |     1 |       ||     1
       Pizza             |       |       |       |       |     2 ||     2
